[ PARTIDA AOE2 · #477793296 ]
UnrankedMapuche vs Berbers
Equipo del jugador · DERR
[ ANÁLISIS DE REPETICIÓN · EXTRAÍDO DE LA PARTIDA GRABADA ]
Feudal
12:04
Castillos
22:24
Imperial
34:51
| APM promedio | 41.8 |
| APM pico | 70 |
| eAPM promedio | 19.2 |
| Aldeanos / militares | 122 / 66 |
Foco
⚔️ 29.1% · 🌾 70.9%
Bolas Rider ×44 · Archer ×17 · Trebuchet (Packed) ×3 · Skirmisher ×2
Feudal
12:38
Castillos
16:34
Imperial
—
| APM promedio | 51.0 |
| APM pico | 97 |
| eAPM promedio | 27.4 |
| Aldeanos / militares | 134 / 36 |
Foco
⚔️ 22.4% · 🌾 77.6%
Serjeant ×18 · Scorpion ×8 · Battering Ram ×6 · Mangonel ×2 · Spearman ×2
Feudal
12:58
Castillos
17:47
Imperial
—
| APM promedio | 25.7 |
| APM pico | 63 |
| eAPM promedio | 13.5 |
| Aldeanos / militares | 97 / 34 |
Foco
⚔️ 27.8% · 🌾 72.2%
Camel Archer ×31 · Scorpion ×3
Feudal
14:34
Castillos
18:08
Imperial
—
| APM promedio | 37.7 |
| APM pico | 84 |
| eAPM promedio | 19.1 |
| Aldeanos / militares | 144 / 21 |
Foco
⚔️ 21.1% · 🌾 78.9%
Scorpion ×11 · Knight ×4 · Spearman ×4 · Mangonel ×2
Feudal
15:11
Castillos
19:52
Imperial
—
| APM promedio | 34.9 |
| APM pico | 92 |
| eAPM promedio | 13.0 |
| Aldeanos / militares | 60 / 42 |
Foco
⚔️ 39.7% · 🌾 60.3%
Ratha (Ranged) ×34 · Spearman ×8
Feudal
14:51
Castillos
18:25
Imperial
—
| APM promedio | 39.7 |
| APM pico | 86 |
| eAPM promedio | 22.6 |
| Aldeanos / militares | 119 / 72 |
Foco
⚔️ 29.2% · 🌾 70.8%
Archer ×70 · Unknown (1944) ×14 · Skirmisher ×1 · Cavalry Archer ×1
Feudal
12:40
Castillos
37:03
Imperial
—
| APM promedio | 43.1 |
| APM pico | 95 |
| eAPM promedio | 20.0 |
| Aldeanos / militares | 74 / 51 |
Foco
⚔️ 35.8% · 🌾 64.2%
Scout Cavalry ×51
Feudal
12:05
Castillos
23:53
Imperial
—
| APM promedio | 41.5 |
| APM pico | 97 |
| eAPM promedio | 22.1 |
| Aldeanos / militares | 81 / 28 |
Foco
⚔️ 39.2% · 🌾 60.8%
Woad Raider ×13 · Mangonel ×7 · Scout Cavalry ×4 · Scorpion ×2 · Militia ×1 · Battering Ram ×1
Mapa de la partida
Recursos iniciales + cada clic de construcción. Líneas = muros · curvas = relieve. ◆ oro · ⬟ piedra · ● bayas · ✦ reliquia · ◌ hueco del cierre
Tu base· Abierta — flanco sin cerrar
Base de EL TÍO TUPAKIER· Abierta — flanco sin cerrar
Base de [RoI] MicKey· Abierta — flanco sin cerrar
Base de SentinelChroner· Abierta — hueco de 4t
Base de [RoI] TheHound· Abierta — flanco sin cerrar
Base de [RoI] Dr_Walter· Abierta — flanco sin cerrar
Base de GdR_Johnny Vacanzieri· Abierta — hueco de 6t
Base de [RoI] TheBeast· Abierta — hueco de 7t
Terreno inicial suavizado · ◌ = hueco del cierre detectado · pasá el cursor para detalles
Inputs por minuto
— Gavagai - - EL TÍO TUPAKIER
Build order — Gavagai
Primeras 150 de 334 acciones detectadas
| 0:15 | Construir | Town Center |
| 0:33 | Construir | House |
| 2:49 | Crear | Villager (Male) |
| 2:49 | Crear | Villager (Male) |
| 2:49 | Crear | Villager (Male) |
| 2:53 | Crear | Villager (Male) |
| 4:01 | Crear | Villager (Male) |
| 4:01 | Crear | Villager (Male) |
| 4:28 | Crear | Villager (Male) |
| 4:43 | Construir | House |
| 4:47 | Crear | Villager (Male) |
| 4:59 | Crear | Villager (Male) |
| 4:59 | Crear | Villager (Male) |
| 5:26 | Crear | Villager (Male) |
| 5:35 | Construir | Settlement |
| 5:59 | Crear | Villager (Male) |
| 6:27 | Crear | Villager (Male) |
| 6:57 | Crear | Villager (Male) |
| 7:15 | Crear | Villager (Male) |
| 7:41 | Crear | Villager (Male) |
| 7:51 | Crear | Villager (Male) |
| 7:58 | Crear | Villager (Male) |
| 8:16 | Crear | Villager (Male) |
| 8:46 | Construir | House |
| 8:56 | Investigar | Loom |
| 9:16 | Construir | House |
| 9:30 | Construir | House |
| 9:46 | Construir | Palisade Wall |
| 9:54 | Investigar | Feudal Age |
| 10:47 | Construir | Settlement |
| 11:08 | Construir | Barracks |
| 12:04 | Edad | Edad Feudal |
| 12:07 | Construir | Archery Range |
| 12:07 | Crear | Skirmisher |
| 12:09 | Investigar | Double-Bit Axe |
| 12:13 | Crear | Villager (Male) |
| 12:17 | Crear | Villager (Male) |
| 12:49 | Construir | Blacksmith |
| 12:50 | Crear | Archer |
| 12:52 | Crear | Villager (Male) |
| 13:04 | Crear | Archer |
| 13:15 | Construir | House |
| 13:19 | Crear | Villager (Male) |
| 13:29 | Crear | Archer |
| 13:32 | Construir | House |
| 14:01 | Crear | Villager (Male) |
| 14:04 | Crear | Villager (Male) |
| 14:12 | Construir | Palisade Gate |
| 14:13 | Construir | House |
| 14:16 | Crear | Villager (Male) |
| 14:18 | Construir | House |
| 14:21 | Construir | Palisade Wall |
| 14:23 | Crear | Archer |
| 14:27 | Crear | Villager (Male) |
| 14:35 | Investigar | Fletching |
| 14:50 | Construir | House |
| 14:51 | Construir | House |
| 15:04 | Crear | Villager (Male) |
| 15:09 | Crear | Archer |
| 15:15 | Crear | Villager (Male) |
| 15:23 | Crear | Villager (Male) |
| 15:28 | Construir | Settlement |
| 15:45 | Crear | Archer |
| 15:54 | Crear | Archer |
| 15:59 | Construir | Palisade Wall |
| 15:59 | Construir | House |
| 16:02 | Crear | Archer |
| 16:20 | Crear | Archer |
| 16:26 | Construir | House |
| 16:26 | Crear | Archer |
| 16:27 | Crear | Villager (Male) |
| 16:32 | Crear | Villager (Male) |
| 16:35 | Crear | Villager (Male) |
| 16:43 | Crear | Archer |
| 16:46 | Crear | Villager (Male) |
| 17:03 | Construir | House |
| 17:40 | Crear | Archer |
| 17:42 | Construir | House |
| 17:45 | Crear | Villager (Male) |
| 17:48 | Construir | Market |
| 18:02 | Construir | House |
| 18:16 | Construir | Farm |
| 18:17 | Construir | Farm |
| 18:18 | Construir | Farm |
| 18:19 | Construir | Farm |
| 18:54 | Crear | Villager (Male) |
| 18:58 | Construir | Farm |
| 19:14 | Construir | House |
| 19:15 | Construir | House |
| 19:44 | Investigar | Castle Age |
| 19:44 | Investigar | Castle Age |
| 19:57 | Construir | House |
| 20:00 | Construir | Palisade Wall |
| 20:01 | Construir | Palisade Gate |
| 20:02 | Construir | Palisade Wall |
| 20:04 | Construir | Palisade Wall |
| 20:20 | Construir | Farm |
| 20:26 | Crear | Archer |
| 20:29 | Crear | Villager (Male) |
| 20:48 | Crear | Villager (Male) |
| 20:58 | Crear | Archer |
| 21:52 | Crear | Archer |
| 22:24 | Edad | Edad de los Castillos |
| 22:27 | Construir | Town Center |
| 22:30 | Investigar | Bow Saw |
| 22:30 | Investigar | Crossbowman (upgrade) |
| 22:32 | Crear | Villager (Male) |
| 22:37 | Investigar | Bodkin Arrow |
| 22:42 | Crear | Villager (Male) |
| 23:03 | Crear | Villager (Male) |
| 23:16 | Crear | Villager (Male) |
| 23:19 | Construir | Town Center |
| 23:24 | Construir | Town Center |
| 23:34 | Crear | Villager (Male) |
| 23:49 | Crear | Villager (Male) |
| 24:06 | Crear | Archer |
| 24:18 | Crear | Villager (Male) |
| 24:21 | Construir | University |
| 24:29 | Investigar | Wheelbarrow |
| 24:33 | Investigar | Horse Collar |
| 24:33 | Investigar | Horse Collar |
| 24:37 | Crear | Villager (Male) |
| 24:40 | Construir | Farm |
| 24:41 | Construir | Farm |
| 24:41 | Construir | Farm |
| 24:42 | Crear | Villager (Male) |
| 24:50 | Crear | Villager (Male) |
| 25:05 | Construir | Farm |
| 25:09 | Crear | Villager (Male) |
| 25:12 | Construir | Farm |
| 25:13 | Construir | Farm |
| 25:19 | Crear | Villager (Male) |
| 25:22 | Construir | Farm |
| 25:25 | Crear | Villager (Male) |
| 25:31 | Construir | House |
| 25:32 | Construir | House |
| 25:33 | Construir | House |
| 25:34 | Construir | House |
| 25:36 | Construir | Palisade Wall |
| 25:47 | Construir | House |
| 25:54 | Crear | Villager (Male) |
| 26:02 | Crear | Villager (Male) |
| 26:08 | Investigar | Ballistics |
| 26:08 | Investigar | Ballistics |
| 26:24 | Crear | Villager (Male) |
| 26:31 | Crear | Villager (Male) |
| 26:36 | Construir | Farm |
| 26:40 | Crear | Villager (Male) |
| 26:42 | Construir | House |
| 26:58 | Construir | Farm |
Build order — EL TÍO TUPAKIER
Primeras 150 de 292 acciones detectadas
| 0:18 | Construir | Town Center |
| 1:39 | Construir | House |
| 2:26 | Crear | Villager (Male) |
| 2:26 | Crear | Villager (Male) |
| 2:26 | Crear | Villager (Male) |
| 2:28 | Crear | Villager (Male) |
| 2:29 | Crear | Villager (Male) |
| 3:42 | Crear | Villager (Male) |
| 3:42 | Crear | Villager (Male) |
| 4:16 | Crear | Villager (Male) |
| 4:16 | Crear | Villager (Male) |
| 4:33 | Construir | House |
| 4:50 | Crear | Villager (Male) |
| 4:50 | Crear | Villager (Male) |
| 4:53 | Construir | House |
| 5:11 | Crear | Villager (Male) |
| 5:11 | Crear | Villager (Male) |
| 5:47 | Crear | Villager (Male) |
| 5:48 | Crear | Villager (Male) |
| 5:48 | Crear | Villager (Male) |
| 6:02 | Crear | Villager (Male) |
| 6:02 | Crear | Villager (Male) |
| 6:06 | Construir | Lumber Camp |
| 6:10 | Crear | Villager (Male) |
| 6:11 | Crear | Villager (Male) |
| 6:48 | Crear | Villager (Male) |
| 6:48 | Crear | Villager (Male) |
| 7:16 | Crear | Villager (Male) |
| 7:26 | Crear | Villager (Male) |
| 7:38 | Crear | Villager (Male) |
| 7:38 | Crear | Villager (Male) |
| 7:50 | Crear | Villager (Male) |
| 8:30 | Crear | Villager (Male) |
| 8:45 | Construir | House |
| 8:48 | Crear | Villager (Male) |
| 8:56 | Crear | Villager (Male) |
| 9:00 | Crear | Villager (Male) |
| 9:37 | Investigar | Loom |
| 9:39 | Construir | Mining Camp |
| 10:16 | Construir | Mill |
| 10:28 | Investigar | Feudal Age |
| 10:28 | Investigar | Feudal Age |
| 11:20 | Crear | Villager (Male) |
| 11:28 | Crear | Villager (Male) |
| 12:14 | Crear | Villager (Male) |
| 12:38 | Edad | Edad Feudal |
| 12:39 | Construir | Blacksmith |
| 12:43 | Construir | Market |
| 13:54 | Investigar | Castle Age |
| 13:54 | Investigar | Castle Age |
| 14:02 | Construir | Donjon |
| 14:12 | Construir | House |
| 14:14 | Construir | Palisade Wall |
| 14:14 | Construir | Palisade Wall |
| 14:22 | Construir | House |
| 14:26 | Construir | Palisade Wall |
| 14:27 | Construir | Palisade Wall |
| 14:38 | Construir | House |
| 14:46 | Crear | Serjeant |
| 14:46 | Crear | Serjeant |
| 14:46 | Crear | Serjeant |
| 14:50 | Crear | Spearman |
| 15:01 | Construir | Palisade Wall |
| 15:02 | Construir | Palisade Wall |
| 15:07 | Construir | House |
| 15:18 | Investigar | Double-Bit Axe |
| 15:18 | Investigar | Double-Bit Axe |
| 15:49 | Crear | Spearman |
| 15:56 | Crear | Villager (Male) |
| 16:28 | Crear | Villager (Male) |
| 16:34 | Edad | Edad de los Castillos |
| 16:38 | Construir | Town Center |
| 16:47 | Crear | Serjeant |
| 16:56 | Crear | Villager (Male) |
| 17:14 | Crear | Villager (Male) |
| 17:34 | Crear | Villager (Male) |
| 17:46 | Crear | Serjeant |
| 18:23 | Construir | Siege Workshop |
| 18:37 | Construir | Farm |
| 18:38 | Construir | Farm |
| 18:44 | Construir | Mining Camp |
| 19:24 | Crear | Battering Ram |
| 19:24 | Crear | Battering Ram |
| 19:24 | Crear | Battering Ram |
| 19:32 | Crear | Villager (Male) |
| 19:46 | Construir | Farm |
| 20:05 | Construir | Farm |
| 20:22 | Crear | Battering Ram |
| 20:22 | Crear | Battering Ram |
| 20:22 | Crear | Battering Ram |
| 20:32 | Construir | Farm |
| 20:36 | Crear | Villager (Male) |
| 20:36 | Crear | Villager (Male) |
| 20:43 | Construir | Farm |
| 20:55 | Crear | Villager (Male) |
| 20:55 | Crear | Villager (Male) |
| 20:58 | Construir | Farm |
| 21:08 | Construir | Farm |
| 21:28 | Investigar | Bow Saw |
| 21:29 | Investigar | Bow Saw |
| 21:29 | Investigar | Bow Saw |
| 21:40 | Construir | Farm |
| 22:06 | Investigar | Horse Collar |
| 22:07 | Investigar | Horse Collar |
| 22:08 | Crear | Villager (Male) |
| 22:08 | Crear | Villager (Male) |
| 22:08 | Crear | Villager (Male) |
| 22:09 | Crear | Villager (Male) |
| 22:22 | Crear | Villager (Male) |
| 22:38 | Crear | Scorpion |
| 22:38 | Crear | Scorpion |
| 22:47 | Crear | Villager (Male) |
| 22:56 | Crear | Villager (Male) |
| 22:56 | Crear | Villager (Male) |
| 23:09 | Crear | Villager (Male) |
| 23:15 | Construir | Farm |
| 23:16 | Construir | Farm |
| 23:21 | Construir | Donjon |
| 23:30 | Construir | Farm |
| 23:30 | Construir | Farm |
| 23:32 | Crear | Villager (Male) |
| 23:41 | Crear | Villager (Male) |
| 23:47 | Construir | Farm |
| 24:03 | Crear | Villager (Male) |
| 24:04 | Crear | Villager (Male) |
| 24:08 | Construir | House |
| 24:15 | Construir | Barracks |
| 24:17 | Crear | Villager (Male) |
| 24:17 | Crear | Villager (Male) |
| 24:22 | Crear | Scorpion |
| 24:22 | Crear | Scorpion |
| 24:22 | Crear | Scorpion |
| 24:37 | Construir | Farm |
| 24:38 | Crear | Villager (Male) |
| 24:54 | Construir | Stable |
| 25:01 | Crear | Villager (Male) |
| 25:02 | Crear | Villager (Male) |
| 25:02 | Crear | Villager (Male) |
| 25:12 | Construir | Lumber Camp |
| 25:16 | Crear | Villager (Male) |
| 25:17 | Crear | Villager (Male) |
| 25:22 | Construir | Donjon |
| 25:26 | Crear | Villager (Male) |
| 25:40 | Crear | Serjeant |
| 25:40 | Crear | Serjeant |
| 25:44 | Construir | House |
| 25:53 | Construir | House |
| 25:59 | Crear | Villager (Male) |
| 26:02 | Construir | House |
| 26:10 | Construir | Town Center |
Build order — [RoI] MicKey
Primeras 150 de 216 acciones detectadas
| 0:18 | Construir | Town Center |
| 2:44 | Crear | Villager (Male) |
| 2:44 | Crear | Villager (Male) |
| 2:45 | Crear | Villager (Male) |
| 2:45 | Crear | Villager (Male) |
| 2:45 | Crear | Villager (Male) |
| 3:04 | Construir | House |
| 4:02 | Crear | Villager (Male) |
| 4:24 | Crear | Villager (Male) |
| 4:25 | Crear | Villager (Male) |
| 4:47 | Construir | Mill |
| 4:50 | Crear | Villager (Male) |
| 4:51 | Crear | Villager (Male) |
| 5:16 | Crear | Villager (Male) |
| 5:17 | Crear | Villager (Male) |
| 5:29 | Construir | House |
| 5:32 | Investigar | Loom |
| 5:49 | Crear | Villager (Male) |
| 5:49 | Crear | Villager (Male) |
| 5:55 | Construir | House |
| 6:12 | Crear | Villager (Male) |
| 6:14 | Crear | Villager (Male) |
| 6:15 | Crear | Villager (Male) |
| 6:59 | Crear | Villager (Male) |
| 7:12 | Crear | Villager (Male) |
| 7:12 | Crear | Villager (Male) |
| 7:50 | Construir | House |
| 7:55 | Construir | Palisade Wall |
| 8:01 | Construir | Palisade Wall |
| 8:03 | Crear | Villager (Male) |
| 8:03 | Crear | Villager (Male) |
| 8:28 | Construir | Mill |
| 8:45 | Crear | Villager (Male) |
| 9:03 | Crear | Villager (Male) |
| 9:51 | Construir | Lumber Camp |
| 9:58 | Crear | Villager (Male) |
| 10:02 | Crear | Villager (Male) |
| 10:36 | Construir | House |
| 10:39 | Construir | Palisade Wall |
| 10:46 | Investigar | Feudal Age |
| 11:11 | Crear | Villager (Male) |
| 11:11 | Crear | Villager (Male) |
| 11:12 | Crear | Villager (Male) |
| 11:20 | Construir | Mining Camp |
| 12:08 | Crear | Villager (Male) |
| 12:08 | Crear | Villager (Male) |
| 12:12 | Construir | House |
| 12:19 | Construir | Palisade Wall |
| 12:22 | Construir | Palisade Wall |
| 12:24 | Construir | Palisade Wall |
| 12:58 | Edad | Edad Feudal |
| 13:25 | Crear | Villager (Male) |
| 13:40 | Construir | Blacksmith |
| 13:49 | Construir | Market |
| 13:52 | Construir | Palisade Wall |
| 14:30 | Construir | Mining Camp |
| 15:07 | Investigar | Castle Age |
| 15:07 | Investigar | Castle Age |
| 16:04 | Construir | House |
| 16:14 | Construir | House |
| 16:16 | Construir | Palisade Wall |
| 16:37 | Construir | House |
| 16:45 | Construir | House |
| 16:47 | Construir | House |
| 16:54 | Construir | House |
| 17:10 | Construir | Palisade Wall |
| 17:21 | Construir | Palisade Wall |
| 17:38 | Construir | Watch Tower |
| 17:47 | Edad | Edad de los Castillos |
| 17:55 | Investigar | Fletching |
| 17:58 | Investigar | Double-Bit Axe |
| 17:59 | Crear | Villager (Male) |
| 18:00 | Crear | Villager (Male) |
| 18:43 | Construir | Lumber Camp |
| 19:06 | Construir | Castle |
| 19:17 | Crear | Villager (Male) |
| 19:17 | Crear | Villager (Male) |
| 19:59 | Construir | Siege Workshop |
| 20:04 | Crear | Villager (Male) |
| 20:16 | Crear | Camel Archer |
| 20:16 | Crear | Camel Archer |
| 20:41 | Crear | Villager (Male) |
| 20:56 | Crear | Camel Archer |
| 20:56 | Crear | Camel Archer |
| 21:05 | Crear | Villager (Male) |
| 21:12 | Construir | Mill |
| 21:15 | Crear | Camel Archer |
| 21:15 | Crear | Camel Archer |
| 21:21 | Crear | Villager (Male) |
| 21:42 | Crear | Camel Archer |
| 22:03 | Construir | Town Center |
| 22:07 | Crear | Villager (Male) |
| 22:19 | Crear | Villager (Male) |
| 22:20 | Crear | Camel Archer |
| 22:21 | Crear | Camel Archer |
| 23:13 | Crear | Villager (Male) |
| 23:13 | Crear | Villager (Male) |
| 23:24 | Crear | Villager (Male) |
| 23:25 | Crear | Villager (Male) |
| 23:38 | Crear | Villager (Male) |
| 23:38 | Crear | Villager (Male) |
| 23:47 | Construir | Mill |
| 23:55 | Construir | Barracks |
| 24:01 | Crear | Villager (Male) |
| 24:08 | Crear | Scorpion |
| 24:08 | Crear | Scorpion |
| 24:29 | Crear | Villager (Male) |
| 24:34 | Construir | Barracks |
| 24:35 | Crear | Villager (Male) |
| 24:41 | Crear | Scorpion |
| 24:49 | Construir | Mining Camp |
| 24:54 | Crear | Villager (Male) |
| 24:55 | Crear | Villager (Male) |
| 25:13 | Crear | Villager (Male) |
| 25:13 | Crear | Villager (Male) |
| 25:25 | Crear | Villager (Male) |
| 25:25 | Crear | Villager (Male) |
| 25:31 | Construir | Mill |
| 25:45 | Investigar | Padded Archer Armor |
| 26:02 | Crear | Villager (Male) |
| 26:02 | Crear | Villager (Male) |
| 26:02 | Crear | Villager (Male) |
| 26:05 | Crear | Camel Archer |
| 26:05 | Crear | Camel Archer |
| 26:06 | Crear | Camel Archer |
| 26:06 | Crear | Camel Archer |
| 26:35 | Crear | Villager (Male) |
| 26:36 | Crear | Villager (Male) |
| 26:45 | Construir | Mining Camp |
| 27:09 | Investigar | Bodkin Arrow |
| 27:44 | Construir | Siege Workshop |
| 27:49 | Crear | Villager (Male) |
| 27:49 | Crear | Villager (Male) |
| 28:41 | Crear | Villager (Male) |
| 28:44 | Crear | Camel Archer |
| 28:44 | Crear | Camel Archer |
| 28:44 | Crear | Camel Archer |
| 28:45 | Crear | Camel Archer |
| 28:58 | Crear | Villager (Male) |
| 28:58 | Crear | Villager (Male) |
| 29:04 | Construir | Town Center |
| 29:19 | Investigar | Horse Collar |
| 29:30 | Construir | Mining Camp |
| 29:49 | Crear | Villager (Male) |
| 29:49 | Crear | Villager (Male) |
| 29:49 | Crear | Villager (Male) |
| 29:50 | Crear | Villager (Male) |
| 29:50 | Crear | Villager (Male) |
| 30:23 | Crear | Villager (Male) |
| 30:23 | Crear | Villager (Male) |
Build order — SentinelChroner
Primeras 150 de 285 acciones detectadas
| 0:12 | Construir | Town Center |
| 1:50 | Construir | House |
| 1:51 | Construir | House |
| 2:44 | Crear | Villager (Male) |
| 2:44 | Crear | Villager (Male) |
| 2:45 | Crear | Villager (Male) |
| 2:45 | Crear | Villager (Male) |
| 2:45 | Crear | Villager (Male) |
| 3:50 | Crear | Villager (Male) |
| 4:24 | Crear | Villager (Male) |
| 4:24 | Crear | Villager (Male) |
| 4:39 | Crear | Villager (Male) |
| 4:39 | Crear | Villager (Male) |
| 5:33 | Construir | Mill |
| 5:37 | Crear | Villager (Male) |
| 5:37 | Crear | Villager (Male) |
| 5:38 | Crear | Villager (Male) |
| 6:02 | Crear | Villager (Male) |
| 6:03 | Crear | Villager (Male) |
| 6:19 | Construir | House |
| 7:11 | Crear | Villager (Male) |
| 7:12 | Crear | Villager (Male) |
| 7:22 | Construir | House |
| 7:42 | Crear | Villager (Male) |
| 8:06 | Crear | Villager (Male) |
| 8:06 | Crear | Villager (Male) |
| 8:25 | Construir | House |
| 9:19 | Crear | Villager (Male) |
| 9:45 | Investigar | Loom |
| 10:19 | Crear | Villager (Male) |
| 10:19 | Crear | Villager (Male) |
| 11:06 | Crear | Villager (Male) |
| 11:20 | Construir | Lumber Camp |
| 11:27 | Crear | Villager (Male) |
| 11:43 | Crear | Villager (Male) |
| 11:50 | Construir | Mining Camp |
| 12:08 | Investigar | Feudal Age |
| 12:22 | Construir | House |
| 12:24 | Construir | House |
| 14:26 | Crear | Villager (Male) |
| 14:34 | Edad | Edad Feudal |
| 14:36 | Construir | Market |
| 14:37 | Crear | Villager (Male) |
| 14:42 | Construir | Blacksmith |
| 15:08 | Investigar | Double-Bit Axe |
| 15:14 | Construir | Mining Camp |
| 15:24 | Crear | Villager (Male) |
| 15:28 | Investigar | Castle Age |
| 15:29 | Investigar | Castle Age |
| 15:59 | Investigar | Stone Mining |
| 16:26 | Crear | Villager (Male) |
| 17:14 | Construir | Barracks |
| 18:08 | Edad | Edad de los Castillos |
| 18:12 | Crear | Spearman |
| 18:13 | Crear | Villager (Male) |
| 18:20 | Construir | Town Center |
| 18:29 | Crear | Villager (Male) |
| 18:29 | Crear | Villager (Male) |
| 18:46 | Crear | Spearman |
| 18:49 | Crear | Villager (Male) |
| 19:03 | Crear | Villager (Male) |
| 19:17 | Construir | House |
| 19:20 | Construir | House |
| 19:21 | Construir | House |
| 19:22 | Crear | Villager (Male) |
| 19:22 | Crear | Villager (Male) |
| 19:24 | Crear | Villager (Male) |
| 19:34 | Investigar | Horse Collar |
| 19:51 | Crear | Villager (Male) |
| 20:11 | Crear | Spearman |
| 20:52 | Crear | Villager (Male) |
| 20:53 | Crear | Villager (Male) |
| 20:54 | Crear | Villager (Male) |
| 20:54 | Crear | Villager (Male) |
| 21:03 | Construir | Siege Workshop |
| 21:29 | Crear | Scorpion |
| 21:38 | Construir | Farm |
| 21:38 | Construir | Farm |
| 21:38 | Construir | Farm |
| 21:47 | Construir | University |
| 22:16 | Crear | Scorpion |
| 22:16 | Crear | Scorpion |
| 22:27 | Crear | Villager (Male) |
| 22:27 | Crear | Villager (Male) |
| 22:27 | Crear | Villager (Male) |
| 22:27 | Crear | Villager (Male) |
| 22:34 | Construir | Watch Tower |
| 22:41 | Crear | Scorpion |
| 23:10 | Crear | Villager (Male) |
| 23:29 | Construir | Farm |
| 23:37 | Construir | Castle |
| 23:48 | Construir | Farm |
| 23:49 | Construir | Farm |
| 23:49 | Construir | Farm |
| 23:50 | Construir | Farm |
| 23:59 | Crear | Villager (Male) |
| 24:11 | Construir | Farm |
| 24:21 | Investigar | Ballistics |
| 24:29 | Crear | Scorpion |
| 24:30 | Crear | Scorpion |
| 24:38 | Construir | Farm |
| 24:39 | Crear | Villager (Male) |
| 24:39 | Crear | Villager (Male) |
| 24:53 | Crear | Villager (Male) |
| 25:12 | Crear | Villager (Male) |
| 25:24 | Crear | Villager (Male) |
| 25:43 | Construir | Mill |
| 25:44 | Construir | Farm |
| 25:44 | Construir | Farm |
| 25:45 | Construir | Farm |
| 25:45 | Construir | Farm |
| 25:51 | Crear | Villager (Male) |
| 25:52 | Crear | Villager (Male) |
| 26:15 | Crear | Villager (Male) |
| 26:16 | Crear | Villager (Male) |
| 26:23 | Crear | Scorpion |
| 26:24 | Crear | Scorpion |
| 26:25 | Crear | Villager (Male) |
| 26:25 | Crear | Villager (Male) |
| 26:43 | Crear | Scorpion |
| 26:56 | Crear | Villager (Male) |
| 26:56 | Crear | Villager (Male) |
| 26:56 | Crear | Villager (Male) |
| 27:06 | Construir | Mining Camp |
| 27:13 | Construir | Watch Tower |
| 27:17 | Construir | Mining Camp |
| 27:18 | Crear | Villager (Male) |
| 27:18 | Crear | Villager (Male) |
| 27:23 | Investigar | Fletching |
| 27:24 | Investigar | Fletching |
| 27:35 | Crear | Villager (Male) |
| 27:57 | Construir | Watch Tower |
| 28:02 | Construir | Mill |
| 28:03 | Construir | Farm |
| 28:03 | Construir | Farm |
| 28:03 | Construir | Farm |
| 28:04 | Construir | Farm |
| 28:04 | Construir | Farm |
| 28:04 | Construir | Farm |
| 28:08 | Crear | Scorpion |
| 28:09 | Crear | Scorpion |
| 28:10 | Crear | Villager (Male) |
| 28:10 | Crear | Villager (Male) |
| 28:18 | Crear | Villager (Male) |
| 28:18 | Crear | Villager (Male) |
| 28:32 | Crear | Villager (Male) |
| 28:33 | Crear | Villager (Male) |
| 28:40 | Crear | Villager (Male) |
| 28:44 | Construir | Farm |
| 28:45 | Construir | Farm |
Build order — [RoI] TheHound
Primeras 150 de 152 acciones detectadas
| 0:34 | Construir | Town Center |
| 2:20 | Construir | House |
| 3:05 | Crear | Villager (Male) |
| 3:07 | Crear | Villager (Male) |
| 3:07 | Crear | Villager (Male) |
| 3:07 | Crear | Villager (Male) |
| 4:05 | Crear | Villager (Male) |
| 4:33 | Crear | Villager (Male) |
| 4:53 | Crear | Villager (Male) |
| 4:53 | Crear | Villager (Male) |
| 5:08 | Construir | Lumber Camp |
| 5:17 | Crear | Villager (Male) |
| 5:17 | Crear | Villager (Male) |
| 6:07 | Construir | House |
| 6:21 | Investigar | Loom |
| 6:29 | Crear | Villager (Male) |
| 6:29 | Crear | Villager (Male) |
| 6:29 | Crear | Villager (Male) |
| 7:25 | Crear | Villager (Male) |
| 7:28 | Construir | House |
| 7:30 | Crear | Villager (Male) |
| 8:12 | Construir | Mill |
| 8:33 | Construir | Mill |
| 8:42 | Crear | Villager (Male) |
| 8:42 | Crear | Villager (Male) |
| 8:43 | Crear | Villager (Male) |
| 8:43 | Crear | Villager (Male) |
| 9:03 | Construir | House |
| 9:20 | Crear | Villager (Male) |
| 9:20 | Crear | Villager (Male) |
| 10:16 | Crear | Villager (Male) |
| 10:44 | Construir | Mining Camp |
| 10:54 | Crear | Villager (Male) |
| 11:08 | Crear | Villager (Male) |
| 11:09 | Crear | Villager (Male) |
| 11:10 | Crear | Villager (Male) |
| 11:34 | Construir | House |
| 12:32 | Crear | Villager (Male) |
| 12:37 | Investigar | Feudal Age |
| 14:04 | Construir | House |
| 14:07 | Construir | Palisade Wall |
| 14:07 | Construir | Palisade Wall |
| 14:13 | Construir | Palisade Wall |
| 14:14 | Construir | Palisade Wall |
| 14:47 | Crear | Villager (Male) |
| 15:11 | Edad | Edad Feudal |
| 15:14 | Construir | Watch Tower |
| 15:19 | Construir | Market |
| 15:21 | Construir | Blacksmith |
| 15:35 | Crear | Villager (Male) |
| 16:05 | Crear | Villager (Male) |
| 16:19 | Construir | Barracks |
| 16:25 | Construir | Palisade Wall |
| 16:27 | Construir | Palisade Wall |
| 16:36 | Construir | Palisade Wall |
| 16:39 | Construir | House |
| 17:12 | Investigar | Castle Age |
| 17:21 | Crear | Spearman |
| 17:47 | Crear | Spearman |
| 17:47 | Crear | Spearman |
| 18:27 | Construir | Palisade Wall |
| 18:29 | Construir | Palisade Wall |
| 18:30 | Construir | Palisade Wall |
| 18:57 | Crear | Spearman |
| 18:57 | Crear | Spearman |
| 19:27 | Crear | Villager (Male) |
| 19:28 | Crear | Villager (Male) |
| 19:45 | Crear | Spearman |
| 19:52 | Edad | Edad de los Castillos |
| 20:36 | Crear | Spearman |
| 20:36 | Crear | Spearman |
| 20:43 | Construir | Palisade Wall |
| 20:45 | Construir | Palisade Wall |
| 21:01 | Construir | Castle |
| 21:11 | Crear | Villager (Male) |
| 21:12 | Crear | Villager (Male) |
| 21:58 | Crear | Villager (Male) |
| 21:58 | Crear | Villager (Male) |
| 22:18 | Construir | Palisade Wall |
| 22:27 | Crear | Villager (Male) |
| 22:27 | Crear | Villager (Male) |
| 23:35 | Crear | Ratha (Ranged) |
| 23:35 | Crear | Ratha (Ranged) |
| 24:04 | Construir | Blacksmith |
| 24:12 | Crear | Ratha (Ranged) |
| 24:12 | Crear | Ratha (Ranged) |
| 24:26 | Crear | Ratha (Ranged) |
| 24:26 | Crear | Ratha (Ranged) |
| 25:03 | Investigar | Fletching |
| 25:10 | Crear | Villager (Male) |
| 25:10 | Crear | Villager (Male) |
| 25:10 | Crear | Villager (Male) |
| 25:48 | Crear | Ratha (Ranged) |
| 25:49 | Crear | Ratha (Ranged) |
| 25:49 | Crear | Ratha (Ranged) |
| 25:49 | Crear | Ratha (Ranged) |
| 26:13 | Investigar | Bodkin Arrow |
| 26:28 | Crear | Villager (Male) |
| 26:28 | Crear | Villager (Male) |
| 26:37 | Construir | Mill |
| 26:47 | Construir | House |
| 26:48 | Construir | House |
| 26:59 | Crear | Ratha (Ranged) |
| 27:00 | Crear | Ratha (Ranged) |
| 27:34 | Crear | Ratha (Ranged) |
| 27:35 | Crear | Ratha (Ranged) |
| 27:35 | Crear | Ratha (Ranged) |
| 28:00 | Crear | Villager (Male) |
| 28:00 | Crear | Villager (Male) |
| 28:30 | Crear | Villager (Male) |
| 28:30 | Crear | Villager (Male) |
| 28:30 | Crear | Villager (Male) |
| 28:55 | Crear | Villager (Male) |
| 28:56 | Crear | Villager (Male) |
| 29:03 | Construir | Mining Camp |
| 29:44 | Crear | Villager (Male) |
| 30:35 | Crear | Villager (Male) |
| 30:35 | Crear | Villager (Male) |
| 30:55 | Construir | Mining Camp |
| 30:56 | Crear | Villager (Male) |
| 30:57 | Crear | Villager (Male) |
| 31:09 | Crear | Ratha (Ranged) |
| 31:09 | Crear | Ratha (Ranged) |
| 31:09 | Crear | Ratha (Ranged) |
| 31:43 | Crear | Ratha (Ranged) |
| 31:43 | Crear | Ratha (Ranged) |
| 31:55 | Construir | House |
| 33:05 | Crear | Ratha (Ranged) |
| 33:06 | Crear | Ratha (Ranged) |
| 33:06 | Crear | Ratha (Ranged) |
| 33:23 | Crear | Ratha (Ranged) |
| 33:23 | Crear | Ratha (Ranged) |
| 33:39 | Crear | Villager (Male) |
| 33:39 | Crear | Villager (Male) |
| 33:48 | Crear | Villager (Male) |
| 34:03 | Crear | Ratha (Ranged) |
| 34:03 | Crear | Ratha (Ranged) |
| 34:04 | Crear | Ratha (Ranged) |
| 34:17 | Construir | Siege Workshop |
| 34:44 | Construir | Lumber Camp |
| 34:46 | Construir | House |
| 34:47 | Construir | House |
| 35:12 | Construir | House |
| 35:12 | Construir | House |
| 36:36 | Crear | Ratha (Ranged) |
| 36:36 | Crear | Ratha (Ranged) |
| 36:36 | Crear | Ratha (Ranged) |
| 36:37 | Crear | Ratha (Ranged) |
| 36:37 | Crear | Ratha (Ranged) |
| 36:37 | Crear | Ratha (Ranged) |
Build order — [RoI] Dr_Walter
Primeras 150 de 315 acciones detectadas
| 0:34 | Construir | Town Center |
| 3:05 | Crear | Villager (Male) |
| 3:06 | Crear | Villager (Male) |
| 3:06 | Crear | Villager (Male) |
| 3:08 | Construir | House |
| 3:11 | Crear | Villager (Male) |
| 3:11 | Crear | Villager (Male) |
| 4:23 | Crear | Villager (Male) |
| 4:23 | Crear | Villager (Male) |
| 4:42 | Crear | Villager (Male) |
| 4:43 | Crear | Villager (Male) |
| 5:03 | Crear | Villager (Male) |
| 5:03 | Crear | Villager (Male) |
| 5:07 | Construir | Lumber Camp |
| 5:15 | Construir | House |
| 5:28 | Crear | Villager (Male) |
| 5:28 | Crear | Villager (Male) |
| 5:43 | Crear | Villager (Male) |
| 5:44 | Crear | Villager (Male) |
| 6:02 | Crear | Villager (Male) |
| 6:03 | Crear | Villager (Male) |
| 6:17 | Crear | Villager (Male) |
| 6:18 | Crear | Villager (Male) |
| 6:33 | Crear | Villager (Male) |
| 6:34 | Crear | Villager (Male) |
| 6:39 | Construir | House |
| 7:08 | Crear | Villager (Male) |
| 7:08 | Crear | Villager (Male) |
| 7:29 | Crear | Villager (Male) |
| 7:29 | Crear | Villager (Male) |
| 7:55 | Construir | Mill |
| 7:57 | Crear | Villager (Male) |
| 7:57 | Crear | Villager (Male) |
| 8:17 | Crear | Villager (Male) |
| 8:17 | Crear | Villager (Male) |
| 8:34 | Crear | Villager (Male) |
| 8:35 | Crear | Villager (Male) |
| 8:47 | Crear | Villager (Male) |
| 8:47 | Crear | Villager (Male) |
| 9:02 | Construir | House |
| 9:08 | Crear | Villager (Male) |
| 9:19 | Crear | Villager (Male) |
| 9:44 | Crear | Villager (Male) |
| 9:44 | Crear | Villager (Male) |
| 9:56 | Crear | Villager (Male) |
| 9:56 | Crear | Villager (Male) |
| 10:05 | Construir | Mining Camp |
| 10:33 | Construir | House |
| 10:54 | Construir | Palisade Wall |
| 11:09 | Crear | Villager (Male) |
| 11:21 | Construir | Barracks |
| 11:48 | Investigar | Loom |
| 12:00 | Investigar | Feudal Age |
| 12:06 | Construir | Palisade Wall |
| 12:06 | Construir | Palisade Wall |
| 12:09 | Construir | Palisade Wall |
| 12:10 | Construir | Palisade Wall |
| 12:19 | Construir | Palisade Wall |
| 12:38 | Construir | House |
| 13:56 | Construir | Palisade Wall |
| 14:34 | Crear | Villager (Male) |
| 14:51 | Edad | Edad Feudal |
| 14:53 | Crear | Villager (Male) |
| 14:59 | Construir | Archery Range |
| 15:04 | Construir | Blacksmith |
| 15:45 | Investigar | Castle Age |
| 15:50 | Construir | Archery Range |
| 15:55 | Crear | Archer |
| 15:56 | Crear | Archer |
| 16:18 | Investigar | Double-Bit Axe |
| 16:35 | Crear | Archer |
| 16:35 | Crear | Archer |
| 16:40 | Investigar | Horse Collar |
| 16:44 | Investigar | Gold Mining |
| 16:55 | Investigar | Fletching |
| 16:55 | Crear | Archer |
| 17:02 | Construir | House |
| 17:05 | Crear | Archer |
| 17:05 | Crear | Archer |
| 17:16 | Construir | Farm |
| 17:34 | Crear | Archer |
| 17:34 | Crear | Archer |
| 17:41 | Construir | House |
| 17:45 | Crear | Archer |
| 17:45 | Crear | Archer |
| 17:49 | Crear | Villager (Male) |
| 18:11 | Crear | Archer |
| 18:25 | Edad | Edad de los Castillos |
| 18:28 | Investigar | Bodkin Arrow |
| 18:31 | Crear | Archer |
| 18:42 | Construir | Farm |
| 18:44 | Construir | Farm |
| 18:47 | Construir | Farm |
| 18:49 | Crear | Villager (Male) |
| 19:18 | Construir | Farm |
| 19:19 | Crear | Villager (Male) |
| 19:51 | Investigar | Crossbowman (upgrade) |
| 19:51 | Investigar | Crossbowman (upgrade) |
| 19:55 | Construir | Mill |
| 19:56 | Construir | Farm |
| 19:56 | Construir | Farm |
| 19:57 | Construir | Farm |
| 20:03 | Crear | Archer |
| 20:03 | Crear | Archer |
| 20:03 | Crear | Archer |
| 20:11 | Crear | Archer |
| 20:11 | Crear | Archer |
| 20:12 | Crear | Archer |
| 20:23 | Crear | Villager (Male) |
| 20:24 | Crear | Villager (Male) |
| 20:27 | Construir | House |
| 20:27 | Construir | House |
| 20:30 | Crear | Archer |
| 20:30 | Crear | Archer |
| 20:39 | Crear | Archer |
| 20:39 | Crear | Archer |
| 21:03 | Crear | Archer |
| 21:04 | Crear | Archer |
| 21:05 | Crear | Archer |
| 21:06 | Crear | Villager (Male) |
| 21:06 | Crear | Villager (Male) |
| 21:23 | Crear | Villager (Male) |
| 21:37 | Construir | Farm |
| 21:39 | Construir | Farm |
| 21:40 | Crear | Archer |
| 21:40 | Crear | Archer |
| 21:40 | Crear | Archer |
| 21:42 | Crear | Villager (Male) |
| 22:16 | Crear | Archer |
| 22:17 | Crear | Villager (Male) |
| 22:21 | Construir | Farm |
| 22:23 | Construir | Farm |
| 22:23 | Crear | Villager (Male) |
| 22:33 | Construir | House |
| 22:34 | Construir | House |
| 22:36 | Crear | Archer |
| 22:36 | Crear | Villager (Male) |
| 22:36 | Investigar | Town Watch |
| 22:52 | Crear | Villager (Male) |
| 23:12 | Construir | University |
| 23:13 | Crear | Villager (Male) |
| 23:29 | Construir | House |
| 23:32 | Construir | House |
| 23:47 | Investigar | Bow Saw |
| 23:47 | Crear | Villager (Male) |
| 23:47 | Crear | Villager (Male) |
| 24:11 | Crear | Villager (Male) |
| 24:41 | Construir | Market |
| 24:50 | Investigar | Wheelbarrow |
| 25:00 | Crear | Villager (Male) |
Build order — GdR_Johnny Vacanzieri
Primeras 150 de 205 acciones detectadas
| 0:16 | Construir | Town Center |
| 1:05 | Construir | House |
| 2:32 | Crear | Villager (Male) |
| 2:32 | Crear | Villager (Male) |
| 2:32 | Crear | Villager (Male) |
| 2:35 | Investigar | Loom |
| 2:36 | Crear | Villager (Male) |
| 2:36 | Crear | Villager (Male) |
| 2:36 | Crear | Villager (Male) |
| 2:36 | Crear | Villager (Male) |
| 3:54 | Crear | Villager (Male) |
| 3:54 | Crear | Villager (Male) |
| 4:29 | Crear | Villager (Male) |
| 4:29 | Crear | Villager (Male) |
| 4:43 | Crear | Villager (Male) |
| 4:43 | Crear | Villager (Male) |
| 4:52 | Construir | House |
| 4:58 | Crear | Villager (Male) |
| 4:58 | Crear | Villager (Male) |
| 5:22 | Construir | House |
| 5:42 | Construir | Lumber Camp |
| 6:10 | Crear | Villager (Male) |
| 6:10 | Crear | Villager (Male) |
| 6:11 | Crear | Villager (Male) |
| 6:11 | Crear | Villager (Male) |
| 6:43 | Crear | Villager (Male) |
| 6:43 | Crear | Villager (Male) |
| 6:44 | Crear | Villager (Male) |
| 6:44 | Crear | Villager (Male) |
| 7:11 | Construir | House |
| 8:18 | Crear | Villager (Male) |
| 8:19 | Crear | Villager (Male) |
| 8:39 | Crear | Villager (Male) |
| 8:39 | Crear | Villager (Male) |
| 8:40 | Construir | House |
| 9:20 | Crear | Villager (Male) |
| 9:45 | Construir | Mill |
| 9:53 | Crear | Villager (Male) |
| 10:23 | Investigar | Feudal Age |
| 10:23 | Investigar | Feudal Age |
| 10:24 | Investigar | Feudal Age |
| 11:12 | Crear | Villager (Male) |
| 12:40 | Edad | Edad Feudal |
| 12:45 | Construir | Barracks |
| 12:58 | Crear | Villager (Male) |
| 12:59 | Crear | Villager (Male) |
| 13:14 | Crear | Villager (Male) |
| 13:24 | Construir | Stable |
| 13:36 | Construir | House |
| 13:40 | Construir | House |
| 13:56 | Crear | Scout Cavalry |
| 13:56 | Crear | Scout Cavalry |
| 13:56 | Crear | Scout Cavalry |
| 13:59 | Construir | House |
| 14:05 | Crear | Villager (Male) |
| 14:05 | Crear | Villager (Male) |
| 14:09 | Investigar | Double-Bit Axe |
| 14:10 | Construir | House |
| 14:19 | Construir | House |
| 14:25 | Investigar | Town Watch |
| 14:36 | Crear | Scout Cavalry |
| 14:42 | Construir | House |
| 14:51 | Construir | House |
| 14:52 | Construir | Palisade Wall |
| 14:52 | Construir | Palisade Wall |
| 14:55 | Crear | Villager (Male) |
| 15:26 | Crear | Villager (Male) |
| 15:32 | Construir | Market |
| 15:47 | Crear | Scout Cavalry |
| 15:47 | Crear | Villager (Male) |
| 16:00 | Crear | Scout Cavalry |
| 16:21 | Crear | Scout Cavalry |
| 16:21 | Crear | Villager (Male) |
| 16:42 | Crear | Scout Cavalry |
| 17:03 | Crear | Villager (Male) |
| 17:21 | Crear | Scout Cavalry |
| 17:22 | Crear | Villager (Male) |
| 17:25 | Construir | Blacksmith |
| 17:31 | Construir | Mill |
| 17:49 | Construir | Farm |
| 17:59 | Crear | Villager (Male) |
| 18:07 | Construir | Mill |
| 18:29 | Crear | Villager (Male) |
| 18:30 | Crear | Scout Cavalry |
| 18:30 | Crear | Scout Cavalry |
| 18:49 | Crear | Villager (Male) |
| 18:50 | Crear | Scout Cavalry |
| 18:51 | Construir | Farm |
| 18:53 | Construir | Farm |
| 18:56 | Construir | Farm |
| 18:59 | Construir | Farm |
| 18:59 | Construir | Farm |
| 19:01 | Construir | Farm |
| 19:02 | Construir | Farm |
| 19:09 | Crear | Scout Cavalry |
| 19:15 | Crear | Villager (Male) |
| 19:18 | Construir | Farm |
| 19:30 | Crear | Villager (Male) |
| 19:54 | Investigar | Scale Barding Armor |
| 20:00 | Crear | Scout Cavalry |
| 20:01 | Crear | Villager (Male) |
| 20:24 | Crear | Scout Cavalry |
| 20:25 | Crear | Villager (Male) |
| 20:36 | Construir | House |
| 20:36 | Construir | House |
| 20:37 | Construir | House |
| 21:04 | Crear | Scout Cavalry |
| 21:05 | Crear | Villager (Male) |
| 21:09 | Investigar | Wheelbarrow |
| 21:15 | Investigar | Bloodlines |
| 21:18 | Construir | Stable |
| 21:25 | Crear | Scout Cavalry |
| 21:26 | Crear | Scout Cavalry |
| 21:41 | Crear | Scout Cavalry |
| 21:41 | Crear | Scout Cavalry |
| 21:49 | Crear | Scout Cavalry |
| 21:49 | Crear | Scout Cavalry |
| 21:56 | Crear | Scout Cavalry |
| 21:56 | Crear | Scout Cavalry |
| 22:13 | Construir | Watch Tower |
| 22:22 | Crear | Scout Cavalry |
| 22:37 | Crear | Scout Cavalry |
| 22:39 | Crear | Scout Cavalry |
| 22:39 | Crear | Villager (Male) |
| 22:40 | Crear | Villager (Male) |
| 23:11 | Crear | Scout Cavalry |
| 23:20 | Construir | Mining Camp |
| 23:36 | Crear | Villager (Male) |
| 24:01 | Crear | Villager (Male) |
| 24:02 | Crear | Scout Cavalry |
| 24:19 | Crear | Villager (Male) |
| 24:25 | Construir | Mining Camp |
| 24:30 | Crear | Scout Cavalry |
| 24:30 | Crear | Scout Cavalry |
| 24:31 | Crear | Villager (Male) |
| 24:42 | Construir | Lumber Camp |
| 24:54 | Construir | Watch Tower |
| 24:59 | Crear | Villager (Male) |
| 25:09 | Construir | Watch Tower |
| 25:15 | Crear | Scout Cavalry |
| 25:15 | Crear | Scout Cavalry |
| 25:16 | Crear | Villager (Male) |
| 25:19 | Construir | Farm |
| 25:20 | Construir | Farm |
| 25:25 | Construir | Mill |
| 25:51 | Crear | Scout Cavalry |
| 25:52 | Crear | Scout Cavalry |
| 26:08 | Crear | Villager (Male) |
| 26:15 | Construir | Mining Camp |
| 26:19 | Construir | Mining Camp |
Build order — [RoI] TheBeast
Primeras 150 de 198 acciones detectadas
| 0:34 | Construir | Town Center |
| 2:48 | Crear | Villager (Male) |
| 2:48 | Crear | Villager (Male) |
| 2:48 | Crear | Villager (Male) |
| 2:48 | Crear | Villager (Male) |
| 2:49 | Crear | Villager (Male) |
| 3:05 | Construir | House |
| 3:18 | Construir | House |
| 4:13 | Crear | Villager (Male) |
| 4:43 | Crear | Villager (Male) |
| 5:14 | Crear | Villager (Male) |
| 5:29 | Construir | Lumber Camp |
| 5:33 | Crear | Villager (Male) |
| 5:51 | Crear | Villager (Male) |
| 6:23 | Crear | Villager (Male) |
| 6:38 | Construir | House |
| 6:48 | Construir | Palisade Wall |
| 6:49 | Construir | Palisade Wall |
| 6:52 | Crear | Villager (Male) |
| 7:20 | Crear | Villager (Male) |
| 7:32 | Crear | Villager (Male) |
| 7:47 | Construir | Mill |
| 7:58 | Crear | Villager (Male) |
| 8:25 | Crear | Villager (Male) |
| 8:34 | Construir | House |
| 8:48 | Crear | Villager (Male) |
| 9:25 | Crear | Villager (Male) |
| 9:26 | Investigar | Loom |
| 9:52 | Investigar | Feudal Age |
| 9:53 | Investigar | Loom |
| 10:14 | Crear | Villager (Male) |
| 10:32 | Construir | Barracks |
| 10:35 | Construir | Palisade Wall |
| 10:35 | Construir | Palisade Wall |
| 10:57 | Construir | Palisade Wall |
| 12:05 | Edad | Edad Feudal |
| 12:15 | Construir | Stable |
| 12:19 | Crear | Villager (Male) |
| 12:38 | Investigar | Double-Bit Axe |
| 12:39 | Crear | Villager (Male) |
| 12:52 | Construir | Palisade Wall |
| 13:01 | Crear | Scout Cavalry |
| 13:02 | Crear | Scout Cavalry |
| 13:03 | Crear | Villager (Male) |
| 13:12 | Construir | House |
| 13:23 | Crear | Scout Cavalry |
| 13:37 | Crear | Villager (Male) |
| 13:53 | Crear | Villager (Male) |
| 14:14 | Crear | Villager (Male) |
| 14:17 | Construir | Blacksmith |
| 14:19 | Construir | Palisade Wall |
| 14:42 | Crear | Villager (Male) |
| 14:51 | Crear | Villager (Male) |
| 15:07 | Construir | Watch Tower |
| 15:09 | Crear | Villager (Male) |
| 15:11 | Construir | House |
| 15:13 | Construir | Palisade Wall |
| 15:15 | Crear | Villager (Male) |
| 15:19 | Construir | Farm |
| 15:22 | Construir | Farm |
| 15:32 | Investigar | Town Watch |
| 15:35 | Crear | Scout Cavalry |
| 15:43 | Construir | Palisade Wall |
| 15:45 | Construir | Palisade Wall |
| 16:01 | Crear | Villager (Male) |
| 16:02 | Crear | Villager (Male) |
| 16:04 | Construir | Farm |
| 16:05 | Construir | Farm |
| 16:24 | Crear | Militia |
| 16:25 | Investigar | Man-at-Arms (upgrade) |
| 16:26 | Construir | House |
| 16:49 | Construir | House |
| 16:57 | Crear | Villager (Male) |
| 17:30 | Construir | Farm |
| 17:31 | Construir | Farm |
| 17:32 | Crear | Villager (Male) |
| 17:35 | Construir | House |
| 17:50 | Crear | Villager (Male) |
| 17:52 | Construir | Farm |
| 18:12 | Construir | Mill |
| 18:25 | Crear | Villager (Male) |
| 18:28 | Construir | Farm |
| 18:31 | Construir | Farm |
| 18:42 | Crear | Villager (Male) |
| 19:11 | Crear | Villager (Male) |
| 19:26 | Construir | Lumber Camp |
| 19:53 | Crear | Villager (Male) |
| 20:05 | Crear | Villager (Male) |
| 20:11 | Construir | Market |
| 20:26 | Crear | Villager (Male) |
| 20:48 | Construir | Barracks |
| 21:13 | Investigar | Castle Age |
| 21:54 | Construir | House |
| 21:55 | Construir | House |
| 22:07 | Investigar | Fletching |
| 22:14 | Crear | Villager (Male) |
| 22:41 | Crear | Villager (Male) |
| 22:45 | Construir | Mining Camp |
| 23:11 | Investigar | Gold Mining |
| 23:40 | Crear | Villager (Male) |
| 23:45 | Investigar | Wheelbarrow |
| 23:53 | Edad | Edad de los Castillos |
| 23:55 | Crear | Villager (Male) |
| 24:11 | Construir | Castle |
| 24:20 | Crear | Villager (Male) |
| 24:41 | Crear | Villager (Male) |
| 24:51 | Construir | Siege Workshop |
| 24:54 | Crear | Villager (Male) |
| 25:25 | Construir | Farm |
| 25:38 | Construir | House |
| 25:50 | Crear | Villager (Male) |
| 25:51 | Crear | Villager (Male) |
| 25:54 | Construir | Farm |
| 26:08 | Investigar | Bow Saw |
| 26:13 | Construir | Lumber Camp |
| 26:33 | Crear | Mangonel |
| 27:05 | Crear | Villager (Male) |
| 27:06 | Crear | Villager (Male) |
| 27:29 | Construir | Town Center |
| 27:35 | Crear | Villager (Male) |
| 27:36 | Crear | Villager (Male) |
| 27:37 | Crear | Villager (Male) |
| 27:38 | Crear | Villager (Male) |
| 27:49 | Crear | Villager (Male) |
| 27:49 | Crear | Villager (Male) |
| 27:53 | Construir | Farm |
| 27:54 | Construir | Farm |
| 28:04 | Investigar | Horse Collar |
| 28:31 | Crear | Mangonel |
| 28:50 | Crear | Mangonel |
| 29:03 | Investigar | Scale Mail Armor |
| 29:05 | Crear | Villager (Male) |
| 29:07 | Construir | Farm |
| 29:08 | Construir | Farm |
| 29:25 | Crear | Woad Raider |
| 29:31 | Crear | Woad Raider |
| 29:32 | Crear | Woad Raider |
| 29:36 | Crear | Mangonel |
| 29:44 | Construir | Farm |
| 29:55 | Crear | Villager (Male) |
| 30:05 | Crear | Battering Ram |
| 30:13 | Crear | Villager (Male) |
| 30:16 | Construir | Farm |
| 30:17 | Construir | Farm |
| 30:28 | Crear | Woad Raider |
| 30:52 | Crear | Woad Raider |
| 30:59 | Crear | Villager (Male) |
| 30:59 | Crear | Villager (Male) |
| 31:16 | Crear | Mangonel |
| 31:25 | Crear | Villager (Male) |
Cronología de la partida
| 6:48 | [RoI] TheBeast · wall_segment Palisade Wall x1 |
| 6:49 | [RoI] TheBeast · wall_segment Palisade Wall x1 |
| 7:55 | [RoI] MicKey · wall_segment Palisade Wall x4 |
| 8:01 | [RoI] MicKey · wall_segment Palisade Wall x1 |
| 9:46 | Gavagai · wall_segment Palisade Wall x1 |
| 10:32 | [RoI] TheBeast · first_building Barracks |
| 10:35 | [RoI] TheBeast · wall_segment Palisade Wall x1 |
| 10:35 | [RoI] TheBeast · wall_segment Palisade Wall x1 |
| 10:39 | [RoI] MicKey · wall_segment Palisade Wall x6 |
| 10:54 | [RoI] Dr_Walter · wall_segment Palisade Wall x1 |
| 10:57 | [RoI] TheBeast · wall_segment Palisade Wall x1 |
| 11:08 | Gavagai · first_building Barracks |
| 11:21 | [RoI] Dr_Walter · first_building Barracks |
| 12:04 | Gavagai · age_up feudal |
| 12:05 | [RoI] TheBeast · age_up feudal |
| 12:06 | [RoI] Dr_Walter · wall_segment Palisade Wall x1 |
| 12:06 | [RoI] Dr_Walter · wall_segment Palisade Wall x1 |
| 12:07 | Gavagai · first_building Archery Range |
| 12:09 | [RoI] Dr_Walter · wall_segment Palisade Wall x1 |
| 12:10 | [RoI] Dr_Walter · wall_segment Palisade Wall x1 |
| 12:15 | [RoI] TheBeast · first_building Stable |
| 12:19 | [RoI] MicKey · wall_segment Palisade Wall x1 |
| 12:19 | [RoI] Dr_Walter · wall_segment Palisade Wall x20 |
| 12:22 | [RoI] MicKey · wall_segment Palisade Wall x1 |
| 12:24 | [RoI] MicKey · wall_segment Palisade Wall x1 |
| 12:38 | EL TÍO TUPAKIER · age_up feudal |
| 12:40 | GdR_Johnny Vacanzieri · age_up feudal |
| 12:45 | GdR_Johnny Vacanzieri · first_building Barracks |
| 12:52 | [RoI] TheBeast · wall_segment Palisade Wall x12 |
| 12:58 | [RoI] MicKey · age_up feudal |
| 13:24 | GdR_Johnny Vacanzieri · first_building Stable |
| 13:52 | [RoI] MicKey · wall_segment Palisade Wall x1 |
| 13:56 | [RoI] Dr_Walter · wall_segment Palisade Wall x4 |
| 14:02 | EL TÍO TUPAKIER · first_building Donjon |
| 14:07 | [RoI] TheHound · wall_segment Palisade Wall x1 |
| 14:07 | [RoI] TheHound · wall_segment Palisade Wall x1 |
| 14:13 | [RoI] TheHound · wall_segment Palisade Wall x1 |
| 14:14 | EL TÍO TUPAKIER · wall_segment Palisade Wall x1 |
| 14:14 | [RoI] TheHound · wall_segment Palisade Wall x1 |
| 14:14 | EL TÍO TUPAKIER · wall_segment Palisade Wall x1 |
| 14:19 | [RoI] TheBeast · wall_segment Palisade Wall x1 |
| 14:21 | Gavagai · wall_segment Palisade Wall x9 |
| 14:26 | EL TÍO TUPAKIER · wall_segment Palisade Wall x1 |
| 14:27 | EL TÍO TUPAKIER · wall_segment Palisade Wall x1 |
| 14:34 | SentinelChroner · age_up feudal |
| 14:51 | [RoI] Dr_Walter · age_up feudal |
| 14:52 | GdR_Johnny Vacanzieri · wall_segment Palisade Wall x1 |
| 14:52 | GdR_Johnny Vacanzieri · wall_segment Palisade Wall x1 |
| 14:59 | [RoI] Dr_Walter · first_building Archery Range |
| 15:01 | EL TÍO TUPAKIER · wall_segment Palisade Wall x1 |
| 15:02 | EL TÍO TUPAKIER · wall_segment Palisade Wall x1 |
| 15:11 | [RoI] TheHound · age_up feudal |
| 15:13 | [RoI] TheBeast · wall_segment Palisade Wall x1 |
| 15:43 | [RoI] TheBeast · wall_segment Palisade Wall x1 |
| 15:45 | [RoI] TheBeast · wall_segment Palisade Wall x1 |
| 15:59 | Gavagai · wall_segment Palisade Wall x3 |
| 16:16 | [RoI] MicKey · wall_segment Palisade Wall x7 |
| 16:19 | [RoI] TheHound · first_building Barracks |
| 16:25 | [RoI] TheHound · wall_segment Palisade Wall x1 |
| 16:27 | [RoI] TheHound · wall_segment Palisade Wall x1 |
| 16:34 | EL TÍO TUPAKIER · age_up castle |
| 16:36 | [RoI] TheHound · wall_segment Palisade Wall x1 |
| 17:10 | [RoI] MicKey · wall_segment Palisade Wall x1 |
| 17:14 | SentinelChroner · first_building Barracks |
| 17:21 | [RoI] MicKey · wall_segment Palisade Wall x1 |
| 17:47 | [RoI] MicKey · age_up castle |
| 18:08 | SentinelChroner · age_up castle |
| 18:23 | EL TÍO TUPAKIER · first_building Siege Workshop |
| 18:25 | [RoI] Dr_Walter · age_up castle |
| 18:27 | [RoI] TheHound · wall_segment Palisade Wall x1 |
| 18:29 | [RoI] TheHound · wall_segment Palisade Wall x1 |
| 18:30 | [RoI] TheHound · wall_segment Palisade Wall x1 |
| 18:50 | [RoI] MicKey · first_market_sell 100 wood |
| 18:57 | [RoI] MicKey · first_market_buy 100 stone |
| 19:06 | [RoI] MicKey · first_building Castle |
| 19:29 | Gavagai · first_market_buy 100 food |
| 19:30 | Gavagai · first_market_sell 100 wood |
| 19:52 | [RoI] TheHound · age_up castle |
| 19:59 | [RoI] MicKey · first_building Siege Workshop |
| 20:00 | Gavagai · wall_segment Palisade Wall x5 |
| 20:02 | Gavagai · wall_segment Palisade Wall x1 |
| 20:04 | Gavagai · wall_segment Palisade Wall x6 |
| 20:35 | EL TÍO TUPAKIER · first_market_buy 100 food |
| 20:43 | [RoI] TheHound · wall_segment Palisade Wall x1 |
| 20:45 | [RoI] TheHound · wall_segment Palisade Wall x1 |
| 20:55 | [RoI] TheBeast · first_market_buy 100 food |
| 21:01 | [RoI] TheHound · first_building Castle |
| 21:03 | SentinelChroner · first_building Siege Workshop |
| 22:18 | [RoI] TheHound · wall_segment Palisade Wall x1 |
| 22:20 | [RoI] TheBeast · first_market_sell 100 wood |
| 22:24 | Gavagai · age_up castle |
| 22:29 | GdR_Johnny Vacanzieri · first_market_sell 100 wood |
| 22:30 | GdR_Johnny Vacanzieri · first_market_buy 100 food |
| 23:37 | SentinelChroner · first_building Castle |
| 23:53 | [RoI] TheBeast · age_up castle |
| 23:55 | [RoI] MicKey · first_building Barracks |
| 24:11 | [RoI] TheBeast · first_building Castle |
| 24:15 | EL TÍO TUPAKIER · first_building Barracks |
| 24:51 | [RoI] TheBeast · first_building Siege Workshop |
| 24:54 | EL TÍO TUPAKIER · first_building Stable |
| 25:00 | [RoI] TheHound · first_market_sell 100 wood |
| 25:01 | [RoI] TheHound · first_market_buy 100 food |
| 25:36 | Gavagai · wall_segment Palisade Wall x3 |
| 25:57 | [RoI] Dr_Walter · first_market_buy 100 wood |
| 29:26 | [RoI] Dr_Walter · first_building Stable |
| 29:27 | Gavagai · first_building Siege Workshop |
| 33:36 | [RoI] MicKey · first_building Stable |
| 33:48 | SentinelChroner · first_building Stable |
| 34:05 | [RoI] Dr_Walter · first_building Castle |
| 34:15 | [RoI] Dr_Walter · first_market_sell 500 wood |
| 34:17 | [RoI] TheHound · first_building Siege Workshop |
| 34:42 | EL TÍO TUPAKIER · first_building Castle |
| 34:51 | Gavagai · age_up imperial |
| 35:37 | [RoI] Dr_Walter · first_building Monastery |
| 35:52 | Gavagai · first_building Castle |
| 36:05 | EL TÍO TUPAKIER · first_market_sell 100 wood |
| 36:05 | SentinelChroner · first_market_sell 100 food |
| 36:07 | SentinelChroner · first_market_buy 100 stone |
| 36:19 | [RoI] MicKey · first_building Archery Range |
| 36:49 | SentinelChroner · first_building Archery Range |
| 37:03 | GdR_Johnny Vacanzieri · age_up castle |
| 37:18 | [RoI] TheBeast · resign |
| 37:32 | GdR_Johnny Vacanzieri · first_building Castle |
[ ANÁLISIS IA · 1 CRÉDITO ]
¿Qué pasó realmente en esta partida?
Wolo.gg analiza cada decisión: build order, eco, micro, errores típicos por bracket. Análisis personalizado por WhatsApp o Discord en 30 segundos.
Guía civ
Mapuche
Perfil
Jugador #3433290